 Dungeon Crawl Stone Soup version 0.22.0 (webtiles) character file.

1213 Matudinoluver the Caller (level 8, -2/44 HPs)
             Began as a Tengu Summoner on Nov 20, 2018.
             Was an Initiate of Sif Muna.
             Slain by an ice beast (12 damage)
             ... on level 9 of the Dungeon on Nov 21, 2018.
             The game lasted 01:02:10 (6162 turns).

Matudinoluver the Caller (Tengu Summoner)           Turns: 6162, Time: 01:02:11

Health: -2/44      AC:  9    Str:  9    XL:     8   Next: 46%
Magic:  4/16       EV: 14    Int: 18    God:    Sif Muna [......]
Gold:   341        SH:  0    Dex: 16    Spells: 6/16 levels left

rFire    . . .     SeeInvis .   w - +1 flail (crush)
rCold    . . .     Gourm    .   (no shield)
rNeg     . . .     Faith    .   a - +2 robe
rPois    +         Spirit   .   (helmet restricted)
rElec    .         Reflect  .   (no cloak)
rCorr    .         Harm     .   p - +2 pair of gloves
MR       .....                  (boots unavailable)
Stlth    ++........             (no amulet)
HPRegen  0.14/turn              q - ring of poison resistance
MPRegen  0.15/turn              (no ring)

@: about to teleport
A: beak, horns 1, talons 3, icy blue scales 1, clever 1, sense surroundings 1,
able to fly 1
a: Fly, Renounce Religion


You were on level 9 of the Dungeon.
You worshipped Sif Muna.
Sif Muna was noncommittal.
You were very hungry.

You visited 2 branches of the dungeon, and saw 8 of its levels.

You collected 341 gold pieces.

Inventory:

Hand Weapons
 e - a +0 dagger
 f - a +0 flail
 j - a +0 whip
 w - a +1 flail of crushing (weapon)
Missiles
 g - 3 javelins (quivered)
 k - 168 stones
 n - 20 sling bullets
Armour
 a - a +2 robe (worn)
 b - a +0 scale mail
 h - a +2 chain mail of fire resistance
 l - a +0 chain mail
 p - a +2 pair of gloves (worn)
 s - a +0 robe
Jewellery
 q - a ring of poison resistance (left hand)
 y - an uncursed ring of flight
Wands
 x - a wand of acid (3)
 A - a wand of random effects (36)
Scrolls
 d - a scroll of enchant armour
 i - a scroll of teleportation
 m - a scroll of remove curse
 r - 3 scrolls of magic mapping
 t - 2 scrolls of identify
 v - 2 scrolls of amnesia
Potions
 o - 2 potions of agility
 u - a potion of ambrosia
Comestibles
 c - 4 rations
 z - 8 chunks of flesh


   Skills:
 + Level 1.8 Fighting
 + Level 0.2 Short Blades
 + Level 5.5 Maces & Flails
 + Level 4.0 Dodging
 + Level 3.0 Stealth
 + Level 4.6 Spellcasting
 + Level 0.9 Hexes
 + Level 7.3 Summonings
 + Level 1.5 Ice Magic
 + Level 0.1 Evocations


You had 6 spell levels left.
You knew the following spells:

 Your Spells              Type           Power        Failure   Level  Hunger
a - Summon Small Mammal   Summ           ####         1%          1    None
b - Call Imp              Summ           ####....     1%          2    #......
c - Summon Guardian Gole  Hex/Summ       ###.....     8%          3    ###....
d - Summon Ice Beast      Ice/Summ       ###.....     22%         4    ####...

Your spell library contained the following spells:

 Spells                   Type           Power        Failure   Level  Hunger
 Call Canine Familiar     Summ           ####....     1%          3    ###....
 Summon Lightning Spire   Summ/Air       ###.....     30%         4    ####...


Dungeon Overview and Level Annotations

Branches:
Dungeon (6/15)             Temple (1/1) D:6            Lair (0/6) D:9

Altars:
Ashenzari
Cheibriados
Dithmenos
Fedhas
Gozag
Hepliaklqana
Kikubaaqudgha
Makhleb
Nemelex Xobeh
Okawaru
Qazlal
Ru
Sif Muna
Uskayaw
Vehumet
Xom
Yredelemnul
The Shining One


Innate Abilities, Weirdness & Mutations

You have a beak for a mouth.
You have claws for feet.
You can fly.
You have a pair of small horns on your head.
You are partially covered in icy blue scales. (AC +2)
Your mind is acute. (Int +2)
You passively map a small area around you.


Message History

Aiming: Corrosive Bolt
Press: ? - help, Shift-Dir - straight line, f - ice beast
Aim: an ice beast The bolt of acid hits the ice beast.
The ice beast is splashed with acid.
The ice beast is heavily wounded.
The ice beast completely misses you. The crocodile bites your ice beast!
A black bear comes into view.
The basilisk bites you!
Your ice beast barely misses the worker ant.
The crocodile closely misses your ice beast.
The porcupine closely misses you.
The crocodile closely misses your ice beast.
The porcupine bites you.
* * * LOW HITPOINT WARNING * * *
There is an open door here.
As you read the scroll of teleportation, it crumbles to dust.
You feel strangely unstable. The ice beast hits you.
* * * LOW HITPOINT WARNING * * *
The ice beast freezes you!
You die...

, #. ,, , ,, , #.. ,, * ..,, ,
#.. ,, * .., ,, #... #' * *...
,* #.# *#'# * *..* #..## #.#
*#.@# ###.## ####Y###### #....#
#..lr..a..# ######
#....#######.....Y.Yh######.....
#.........##.....†..t'...†r.....
#....####..#.........######.....
#.<..# ##.#.........# #.....
#....# #.'.........# #.....
###.## ###.........# #r..Y.


You could see a basilisk, an ice beast, a porcupine and a friendly ice beast.

Vanquished Creatures
  Menkaure (D:6)
  A water moccasin (D:5)
  A gnoll sergeant (D:5)
  2 scorpions
  A bullfrog zombie (D:9)
  A crimson imp (D:5)
  A hound (D:6)
  A bullfrog skeleton (D:4)
  An orc wizard (D:5)
  2 worker ants
  2 gnolls
  6 adders
  A shadow imp (D:9)
  An ooze (D:2)
  2 worms (D:4)
  3 leopard geckos
  6 orcs
  4 giant cockroaches
  7 goblins
  5 hobgoblins
  2 jackals (D:4)
  2 quokkas
  A ball python (D:1)
  7 bats
  6 frilled lizards
  5 kobolds
  A leopard gecko skeleton (D:5)
  A leopard gecko zombie (D:5)
  A quokka skeleton (D:4)
  2 rats
77 creatures vanquished.

Vanquished Creatures (collateral kills)
  A porcupine (D:9)
  A sky beast (D:4)
  3 ogres
  A wolf (D:9)
  A crocodile (D:9)
  A scorpion (D:4)
  A hound (D:9)
  A bullfrog skeleton (D:5)
  2 orc wizards (D:5)
  2 worker ants
  4 gnolls
  3 adders
  2 dart slugs
  3 orcs (D:3)
  A ball python (D:4)
  2 giant cockroaches
  3 goblins
  4 hobgoblins
  3 bats
  4 frilled lizards (D:3)
  A kobold (D:1)
  A rat (D:2)
45 creatures vanquished.

Vanquished Creatures (others)
  A fungus (D:9)
  5 plants (D:9)
6 creatures vanquished.

Grand Total: 128 creatures vanquished

Notes
Turn   | Place    | Note
-------+----------+-------------------------------------------
     0 | D:1      | Matudinoluver the Tengu Summoner began the quest for the Orb.
     0 | D:1      | Reached XP level 1. HP: 10/10 MP: 4/4
   116 | D:1      | Reached skill level 5 in Summonings
   295 | D:1      | Reached XP level 2. HP: 14/15 MP: 3/6
   315 | D:1      | Gained mutation: You are partially covered in icy blue scales. (AC +2) [potion of mutation]
   315 | D:1      | Gained mutation: You passively map a small area around you. [potion of mutation]
   315 | D:1      | Gained mutation: Your mind is acute. (Int +2) [potion of mutation]
   315 | D:1      | Gained mutation: You have a pair of small horns on your head. [potion of mutation]
   355 | D:1      | Learned a level 2 spell: Call Imp
  1105 | D:1      | Reached XP level 3. HP: 19/19 MP: 7/7
  1129 | D:2      | Reached skill level 1 in Maces & Flails
  1420 | D:2      | Found a faded altar of an unknown god.
  1507 | D:2      | Found a shimmering altar of Xom.
  1746 | D:2      | Found an iron altar of Okawaru.
  1754 | D:2      | Reached XP level 4. HP: 23/24 MP: 2/8
  2123 | D:3      | Learned a level 3 spell: Summon Guardian Golem
  2637 | D:3      | Gained mutation: You can fly. [Tengu growth]
  2637 | D:3      | Reached XP level 5. HP: 27/28 MP: 5/9
  2891 | D:4      | Noticed an ogre
  2910 | D:4      | Killed an ogre
  2910 | D:4      | Reached skill level 6 in Summonings
  3320 | D:4      | Reached XP level 6. HP: 29/33 MP: 8/11
  3335 | D:4      | Found a glowing golden altar of the Shining One.
  3653 | D:4      | Noticed a sky beast
  4063 | D:4      | Killed a sky beast
  4063 | D:4      | Reached skill level 1 in Fighting
  4344 | D:5      | Entered Level 5 of the Dungeon
  4526 | D:5      | Learned a level 4 spell: Summon Ice Beast
  4541 | D:5      | Reached XP level 7. HP: 36/38 MP: 8/13
  5258 | D:5      | Noticed a spatial vortex
  5432 | D:6      | Found a staircase to the Ecumenical Temple.
  5444 | Temple   | Entered the Ecumenical Temple
  5505 | Temple   | Became a worshipper of Sif Muna the Loreminder
  5689 | D:6      | Noticed Menkaure
  5701 | D:6      | Killed Menkaure
  5739 | D:6      | You fall through a shaft for 3 floors!
  5748 | D:9      | Found a stormy altar of Qazlal.
  5929 | D:9      | Found a hazy altar of Hepliaklqana.
  5944 | D:9      | Reached XP level 8. HP: 41/43 MP: 11/15
  5970 | D:9      | Reached skill level 7 in Summonings
  6053 | D:9      | Reached skill level 5 in Maces & Flails
  6053 | D:9      | Reached skill level 1 in Ice Magic
  6131 | D:9      | Found a staircase to the Lair.
  6162 | D:9      | Slain by an ice beast

Skill      XL: |  1  2  3  4  5  6  7  8 |
---------------+-------------------------+-----
Summonings     | 5 6 7 |  7.3
Maces & Flails | 2 3 4 5 |  5.5
Dodging        | 3 4 |  4.0
Spellcasting   | 3 4 |  4.6
Fighting       | 1 |  1.8
Ice Magic      | 1 |  1.5
Stealth        | 3 |  3.0
Short Blades   | |  0.2
Hexes          | |  0.9
Evocations     | |  0.1

Action                   |  1- 3 |  4- 6 |  7- 9 || total
-------------------------+-------+-------+-------++-------
Melee: Dagger            |    13 |       |       ||    13
       Kick              |    14 |    26 |     9 ||    49
       Peck              |     9 |    25 |     9 ||    43
       Whip              |    79 |     7 |       ||    86
       Headbutt          |     5 |    18 |    11 ||    34
       Flail             |       |   117 |    54 ||   171
Throw: Javelin           |     1 |     3 |       ||     4
 Cast: Summon Small Mamm |     5 |       |     1 ||     6
       Call Imp          |    11 |    29 |    10 ||    50
       Summon Guardian G |       |     9 |     3 ||    12
       Summon Ice Beast  |       |     1 |    13 ||    14
Evoke: Wand              |       |       |     3 ||     3
  Use: Scroll            |     6 |     4 |     3 ||    13
       Potion            |     3 |     1 |     2 ||     6
 Stab: Sleeping          |     5 |     1 |       ||     6
       Distracted        |       |       |     1 ||     1
  Eat: Chunk             |     3 |     4 |     2 ||     9
       Ration            |       |     3 |     1 ||     4
Armor: Scale mail        |    11 |       |       ||    11
       Robe              |    29 |    79 |    25 ||   133
Dodge: Dodged            |    89 |   141 |    61 ||   291
